 Dungeon Crawl Stone Soup version 0.31-a0-875-g02e7d12df6 (webtiles) character file.

Game seed: 9778764782905662279

18659 Xavori the Covert (level 12, -2/61 HPs)
             Began as a Vine Stalker Chaos Knight on Oct 12, 2023.
             Was a Plaything of Xom.
             Slain by a skyshark (7 damage)
             ... on level 2 of the Lair of Beasts.
             The game lasted 00:22:38 (17586 turns).

Xavori the Covert (Vine Stalker Chaos Knight)      Turns: 17586, Time: 00:22:38

Health: -2/61      AC: 27    Str: 19 (21) XL:     12   Next: 60%
Magic:  0/20       EV:  3    Int: 11 (12) God:    Xom [...*..]
Gold:   794        SH:  7    Dex: 14 (16) Spells: 20/23 levels left

rFire   + . .        P - +5 dagger
rCold   + . .        Q - +2 buckler
rNeg    . . .        R - +8 orange crystal plate armour {Archmagi, Int+3 Clar}
rPois   .            T - +2 hat {Stlth+}
rElec   .            f - +0 cloak
rCorr   .            G - +0 pair of gloves
SInv    +            (no boots)
Will    +....        m - amulet of magic regeneration Stlth
                     l - ring of flight
HPRegen 1.10/turn    o - ring of see invisible
MPRegen 0.57/turn

%: clarity, guardian spirit, archmagi
@: flying
A: fangs 3, regeneration 1, magic shield, antimagic bite, no potion heal 2,
talons 1, iridescent scales 2, cold resistance 1, deformed body, deterioration
1, dopey 1, fire resistance 1, low MP 1, mutation resistance 1, sense
surroundings 1, strong 1, MP-powered wands
a: Renounce Religion


You were on level 2 of the Lair of Beasts.
You worshipped Xom.
You were a favourite toy of Xom.
You visited 2 branches of the dungeon, and saw 14 of its levels.
You also visited: Sewer.

You collected 794 gold pieces.

Inventory:

Hand Weapons
 a - a +0 heavy short sword
 P - a +5 dagger (weapon)
Missiles
 B - a throwing net
Armour
 f - a +0 cloak (worn)
 p - a +0 troll leather armour
 F - the +3 scale mail of Quantum Leap {Dex+3}
   (You found it on level 2 of the Dungeon)

   Dex+3:     It affects your dexterity (+3).
 G - a +0 pair of gloves (worn)
 Q - a +2 buckler (worn)
 R - the +8 orange crystal plate armour (worn) {Archmagi, Int+3 Clar}
   (You found it on level 1 of the Lair of Beasts)

   Int+3:     It affects your intelligence (+3).
   Clar:      It protects you from confusion, rage, mesmerisation and fear.
 T - a +2 hat of stealth (worn)
Jewellery
 b - a ring of protection from cold
 l - a ring of flight (left hand)
 m - an amulet of magic regeneration (around neck)
 o - a ring of see invisible (right hand)
 C - a ring of resist corrosion
 K - a ring of magical power
Talismans
 I - a flux talisman
Wands
 z - a wand of charming (12)
 E - a wand of digging (4)
 L - a wand of roots (11)
 S - a wand of mindburst (4)
 U - a wand of acid (5)
Scrolls
 c - a scroll of butterflies
 e - 2 scrolls of blinking
 g - 2 scrolls of summoning
 h - 4 scrolls of poison
 k - 2 scrolls of revelation
 r - 2 scrolls of immolation
 u - a scroll of fear
 v - 4 scrolls of teleportation
 x - 2 scrolls of torment
 y - 3 scrolls of fog
 D - 2 scrolls of enchant armour
 M - 2 scrolls of amnesia
 N - 5 scrolls of identify
 O - a scroll of silence
Potions
 d - 3 potions of enlightenment
 i - 2 potions of haste {unknown}
 j - 4 potions of mutation {unknown}
 n - 2 potions of degeneration {unknown}
 q - 2 potions of attraction {unknown}
 s - a potion of might {unknown}
 t - 5 potions of curing
 w - 6 potions of heal wounds {unknown}
 A - a potion of cancellation {unknown}
 H - 5 potions of brilliance {unknown}
 J - 2 potions of resistance {unknown}


   Skills:
 + Level 6.0 Fighting
 + Level 7.8 Short Blades
 * Level 6.4 Armour
 + Level 5.2 Dodging
 - Level 10.5 Stealth
 + Level 4.8 Shields
 * Level 6.2 Spellcasting
 * Level 6.3 Evocations
 * Level 6.0 Shapeshifting


You had 20 spell levels left.
You knew the following spells:

 Your Spells              Type           Power      Damage    Failure   Level
a - Mephitic Cloud        Conj/Pois/Air  5%         N/A       100%        3

Your spell library contained the following spells:

 Spells                   Type           Power      Damage    Failure   Level
 Poisonous Vapours        Pois/Air       10%        N/A       100%        2
 Sublimation of Blood     Necr           5%         N/A       100%        2
 Dazzling Flash           Conj/Hex       10%        N/A       100%        3
 Ozocubu's Armour         Ice            5%         N/A       100%        3
 Summon Guardian Golem    Hex/Summ       5%         N/A       100%        3
 Tukima's Dance           Hex            5%         N/A       100%        3
 Dimensional Bullseye     Hex/Tloc       2%         N/A       100%        4
 Iskenderun's Mystic Bla  Conj/Tloc      5%         2d3       100%        4
 Petrify                  Tmut/Erth      5%         N/A       100%        4
 Vhi's Electric Charge    Tloc/Air       10%        N/A       100%        4
 Agony                    Necr           5%         N/A       100%        5
 Arcjolt                  Conj/Air       2%         1d12      100%        5
 Freezing Cloud           Conj/Ice/Air   2%         6-21      100%        5
 Irradiate                Conj/Tmut      2%         3d12      100%        5
 Silence                  Hex/Air        2%         N/A       100%        5
 Summon Forest            Summ/Tloc      2%         N/A       100%        5
 Eringya's Noxious Bog    Tmut/Pois      2%         4d6       100%        6
 Plasma Beam              Fire/Air       2%         2x1d12    100%        6
 Orb of Destruction       Conj           2%         9d5       100%        7
 Ozocubu's Refrigeration  Ice            2%         4d8       100%        7
 Spellforged Servitor     Conj/Summ      2%         N/A       100%        7
 Summon Hydra             Summ           2%         N/A       100%        7


Dungeon Overview and Level Annotations

Branches:
Dungeon (12/15)            Temple (0/1) D:4            Lair (2/5) D:8
  Swamp (0/4) Lair:2        Snake (0/4) Lair:2          Orc (0/2) D:9
  Sewer (visited)

Altars:
Ashenzari
Dithmenos
Elyvilon
Hepliaklqana
Kikubaaqudgha
Makhleb
Wu Jian
Xom

Shops:
D:11 :

Annotations:
D:11 1 runed translucent door, exclusion: ice statue
D:12 Azrael


Innate Abilities, Weirdness & Mutations

You have razor-sharp teeth.
Your natural rate of healing is unusually fast.
When hurt, damage is shared between your health and your magic reserves.
Your bite disrupts and absorbs the magic of your enemies.
Potions cannot restore your health.
You have sharp toenails.
You are mostly covered in iridescent scales. (AC +4)
Your flesh is cold resistant. (rC+)
Armour fits poorly on your strangely shaped body.
Your body sometimes deteriorates upon taking damage.
You are dopey. (Int -2)
Your flesh is heat resistant. (rF+)
Your magical capacity is low. (-10% MP)
You are somewhat resistant to further mutation.
You passively map a small area around you.
Your muscles are strong. (Str +4, Int/Dex -1)
You expend magic power (3 MP) to strengthen your wands.


Message History

You drain its power.
You feel invigorated.
The skyshark is heavily wounded.
The skyshark bites you.
The skyshark tail-slaps you but does no damage. x2
You hit the skyshark. Your bite misses the skyshark.
The skyshark is severely wounded.
The skyshark barely misses you. You block the skyshark's attack.
The skyshark tail-slaps you!
Your body deteriorates!
You feel weakened.
You hit the skyshark. Your kick misses the skyshark.
The skyshark is severely wounded.
The skyshark bites you. The skyshark barely misses you.
The skyshark tail-slaps you but does no damage.
You hit the skyshark but do no damage. Your bite misses the skyshark.
The skyshark is severely wounded.
The skyshark bites you!!
* * * LOW HITPOINT WARNING * * *
The skyshark tail-slaps you but does no damage. x2
You hit the skyshark but do no damage.
You bite the skyshark, but do no damage.
The skyshark is severely wounded.
The skyshark bites you!
* * * LOW HITPOINT WARNING * * *
The skyshark tail-slaps you but does no damage. x2
Unknown command.
You barely miss the skyshark. Your kick misses the skyshark.
The skyshark is severely wounded.
You block the skyshark's attack. x2; The skyshark tail-slaps you.
You hit the skyshark. You bite the skyshark! You drain its power.
You feel invigorated.
The skyshark is severely wounded.
The skyshark bites you!
* * * LOW HITPOINT WARNING * * *
The skyshark completely misses you. You block the skyshark's attack.
Unknown command.
You puncture the skyshark! Your kick misses the skyshark.
The skyshark is almost dead.
You block the skyshark's attack. The skyshark tail-slaps you!
You die...
Xom thinks this is hilarious!

##.## ##÷÷....... #._.#
####.......... ## # * #_.##
##..##......... #..#.*##.##
#...P#...#P#... ##...##..#
##......######. ......#..##
##..#....# ## ..........#
#..##...## # *
..§._.__###########...##### #
.._...._.###@##...........###
*
.........#Yl#......#.#......#
,....§..§§§YYY..#######.P.....
* .._.§§§§§§§F#### ##......
...§.§§§§§### #.......
....§.§..§#** ##......
........... * ##.......
........# * #.....### ,
.....#.## .. #....###.


You could see a skyshark (berserk), 3 yaks and a bullfrog.

Vanquished Creatures
  Gastronok (Lair:1)
  A two-headed ogre (D:10)
  2 death yaks
  A harpy (D:12)
  A deep elf pyromancer (D:12)
  2 cyclopes (D:12)
  Joseph (D:7)
  4 cane toads
  A rime drake (Lair:1)
  3 komodo dragons
  2 kobold demonologists
  2 trolls
  13 yaks
  A wyvern (Lair:2)
  2 wraiths
  2 fire elementals (D:12)
  4 vampire mosquitoes
  2 steam dragons
  An acid dragon (D:12)
  A naga (Lair:2)
  6 water moccasins
  4 orc warriors
  2 black bears
  A sky beast (D:7)
  9 centaurs
  6 kobold brigands
  A phantom (D:3)
  11 bullfrogs
  A gnoll sergeant (D:6)
  14 wights
  10 killer bees
  2 vampire bats (D:9)
  4 hounds (D:6)
  A jelly (D:5)
  2 orc priests (D:11)
  A sleepcap (D:7)
  Terence (D:3)
  2 iguanas
  15 orc wizards
  10 adders
  4 gnolls
  A river rat (D:4)
  A shadow imp (D:6)
  A white imp (D:4)
  A worm (D:2)
  3 dart slugs
  29 orcs
  6 bats
  2 bat skeletons (D:9)
  3 bat zombies (D:9)
  5 endoplasms
  10 giant cockroaches
  7 goblins
  6 hobgoblins
  32 kobolds
  9 quokkas
  10 ball pythons
  5 frilled lizards
  4 rats
289 creatures vanquished.

Vanquished Creatures (collateral kills)
  A boulder beetle (D:11)
  A cane toad (Lair:1)
  A wyvern (D:10)
  A yak (Lair:2)
  A wraith (D:10)
  A hog (shapeshifter) (D:3)
  3 bullfrogs
  A wight (D:8)
  3 killer bees (D:8)
  2 gnolls (D:6)
15 creatures vanquished.

Vanquished Creatures (others)
  A wyvern (D:11)
  A hell hound (D:12)
  An orc (D:8)
3 creatures vanquished.

Grand Total: 307 creatures vanquished

Notes
Turn   | Place    | Note
-------+----------+-------------------------------------------
     0 | D:1      | Xavori the Vine Stalker Chaos Knight began the quest for
                  | the Orb.
     0 | D:1      | Reached XP level 1. HP: 11/11 MP: 2/2
    96 | D:1      | XOM: divination: magic mapping
   204 | D:1      | Reached XP level 2. HP: 16/16 MP: 3/3
   474 | D:1      | XOM: torment (10/16 hp)
   528 | D:1      | XOM: torment (10/16 hp)
  1319 | D:1      | XOM: give mutations
  1319 | D:1      | Gained mutation: Your magical capacity is low. (-10% MP)
                  | [Xom's mischief]
  1319 | D:1      | Gained mutation: You are partially covered in iridescent
                  | scales. (AC +2) [Xom's mischief]
  1319 | D:1      | Gained mutation: You passively map a small area around you.
                  | [Xom's mischief]
  1396 | D:1      | XOM is BORED!
  1396 | D:1      | XOM: summons 2 hostile demons
  1397 | D:1      | Noticed a chaos spawn
  1941 | D:1      | XOM: give mutation
  1941 | D:1      | Gained mutation: You are frail. (-10% HP) [Xom's mischief]
  2746 | D:1      | XOM: give mutations
  2746 | D:1      | Gained mutation: Your flesh is heat resistant. (rF+) [Xom's
                  | mischief]
  2746 | D:1      | Gained mutation: You are mostly covered in iridescent
                  | scales. (AC +4) [Xom's mischief]
  2746 | D:1      | Lost mutation: You are frail. (-10% HP) [Xom's mischief]
  3181 | D:1      | XOM: scenery: 1 doors open
  3195 | D:1      | XOM: divination: magic mapping
  3484 | D:1      | XOM: god gift: tiny lapis lazuli amulet {god gift}
  3637 | D:1      | XOM: scenery: 1 doors close
  4457 | D:1      | XOM: give mutations
  4457 | D:1      | Gained mutation: Your body sometimes deteriorates upon
                  | taking damage. [Xom's mischief]
  4457 | D:1      | Gained mutation: Armour fits poorly on your strangely
                  | shaped body. [Xom's mischief]
  4634 | D:1      | XOM is BORED!
  6256 | D:1      | XOM: give mutations
  6256 | D:1      | Gained mutation: You are agile. (Dex +4, Str/Int -1) [Xom's
                  | grace]
  6256 | D:1      | Gained mutation: Your muscles are strong. (Str +4, Int/Dex
                  | -1) [Xom's grace]
  6256 | D:1      | Gained mutation: Your flesh is very heat resistant. (rF++)
                  | [Xom's grace]
  6256 | D:1      | Gained mutation: You expend magic power (3 MP) to
                  | strengthen your wands. [Xom's grace]
  6719 | D:2      | XOM: cast spell 'Summon Cactus Giant'
  6725 | D:2      | Reached XP level 3. HP: 20/20 MP: 3/3
  6908 | D:2      | XOM: 1-stop teleportation journey
  6968 | D:2      | XOM: scenery: summon butterflies
  6969 | D:2      | XOM: polymorph butterfly -> river rat
  7047 | D:2      | Reached skill level 1 in Stealth
  7112 | D:2      | XOM: 1-stop teleportation journey
  7126 | D:2      | Reached skill level 1 in Dodging
  7588 | D:2      | XOM is BORED!
  7588 | D:2      | XOM: give mutation
  7588 | D:2      | Lost mutation: You expend magic power (3 MP) to strengthen
                  | your wands. [Xom's mischief]
  7835 | D:3      | Reached XP level 4. HP: 24/24 MP: 4/4
  8051 | D:3      | Noticed a phantom
  8065 | D:3      | Killed a phantom
  8066 | D:3      | Reached skill level 2 in Stealth
  8066 | D:3      | Reached XP level 5. HP: 28/28 MP: 5/5
  8264 | D:3      | Noticed Terence
  8279 | D:3      | Killed Terence
  8280 | D:3      | Reached skill level 3 in Stealth
  8308 | D:3      | XOM: noise
  8329 | D:3      | XOM: scenery: summon butterflies
  8530 | D:4      | Noticed a black bear
  8545 | D:3      | XOM: summons friendly iron imp
  8550 | D:3      | XOM: confuse monster(s)
  8552 | D:3      | a black bear changed into a shapeshifter
  8552 | D:3      | Noticed a shapeshifter (shapeshifter)
  8552 | D:3      | a shapeshifter changed into a hog
  8552 | D:3      | Noticed a hog (shapeshifter)
  8557 | D:3      | Killed a hog
  8558 | D:3      | Reached XP level 6. HP: 9/32 MP: 6/6
  8676 | D:4      | Found a glowing drain.
  8680 | Sewer    | Entered a sewer
  8789 | Sewer    | Reached skill level 4 in Stealth
  8789 | Sewer    | XOM: confuse monster(s)
  8793 | Sewer    | Reached XP level 7. HP: 34/37 MP: 3/7
  9121 | D:4      | Found a staircase to the Ecumenical Temple.
  9194 | D:4      | Reached skill level 5 in Stealth
  9345 | D:4      | XOM: give mutations
  9345 | D:4      | Gained mutation: Your muscles are very strong. (Str +8,
                  | Int/Dex -2) [Xom's grace]
  9345 | D:4      | Gained mutation: You are very agile. (Dex +8, Str/Int -2)
                  | [Xom's grace]
  9345 | D:4      | Gained mutation: Your flesh is cold resistant. (rC+) [Xom's
                  | grace]
  9395 | D:4      | XOM: divine lightning
  9400 | D:4      | a kobold brigand changed into a steam dragon
  9400 | D:4      | Noticed a steam dragon
  9405 | D:4      | XOM: summons friendly shadow imp
  9411 | D:4      | Killed a steam dragon
  9522 | D:5      | Entered Level 5 of the Dungeon
  9671 | D:5      | XOM: 3-stop teleportation journey
  9812 | D:5      | Gained mutation: You have razor-sharp teeth. [Vine Stalker
                  | growth]
  9812 | D:5      | Reached XP level 8. HP: 38/42 MP: 8/8
  9904 | D:2      | Identified the +3 scale mail of Quantum Leap {Dex+3}
 10012 | D:6      | Reached skill level 5 in Short Blades
 10012 | D:6      | Reached skill level 6 in Stealth
 10012 | D:6      | Reached skill level 1 in Evocations
 10156 | D:6      | XOM: divination: magic mapping
 10198 | D:6      | Found a white marble altar of Elyvilon.
 10278 | D:6      | XOM: fake destruction
 10300 | D:6      | XOM: 6-stop teleportation journey
 10301 | D:6      | Reached skill level 1 in Shapeshifting
 10383 | D:6      | Reached skill level 1 in Shields
 10700 | D:6      | XOM: summons 2 hostile demons
 10797 | D:7      | Noticed Joseph
 10811 | D:7      | XOM: summons 3 hostile demons
 10812 | D:7      | Reached skill level 1 in Spellcasting
 10812 | D:7      | Reached XP level 9. HP: 28/46 MP: 10/10
 10812 | D:7      | Noticed a red devil
 11113 | D:7      | XOM: swap monsters
 11134 | D:7      | XOM: swap monsters
 11137 | D:7      | Killed Joseph
 11165 | D:7      | XOM: swap monsters
 11408 | D:7      | XOM: cast spell 'Death Channel'
 11411 | D:7      | Reached skill level 7 in Stealth
 11625 | D:8      | Noticed a death yak
 11628 | D:8      | Found a staircase to the Lair.
 11630 | D:8      | Noticed a death yak
 11645 | D:7      | XOM: cast spell 'Summon Small Mammal'
 11662 | D:7      | HP: 1/46 [death yak (10)]
 11684 | D:7      | XOM: cast spell 'Olgreb's Toxic Radiance'
 11686 | D:7      | Killed a death yak
 11747 | D:8      | XOM: summons 2 friendly demons
 11754 | D:8      | XOM: blink monster(s)
 11756 | D:8      | XOM: summons 9 friendly demons
 11759 | D:8      | Reached XP level 10. HP: 51/51 MP: 14/14
 11801 | D:8      | Noticed a death yak
 11805 | D:7      | XOM: fog
 11824 | D:7      | XOM: confusion
 11831 | D:7      | a death yak changed into a quicksilver ooze
 11831 | D:7      | Noticed a quicksilver ooze
 11831 | D:7      | XOM: polymorph death yak -> quicksilver ooze
 11835 | D:7      | XOM: butterfly on damage
 11835 | D:7      | HP: 2/49 [quicksilver ooze (11)]
 11911 | D:8      | XOM: fog
 11964 | D:8      | Reached skill level 8 in Stealth
 11969 | D:8      | XOM: smoke on damage
 12068 | D:8      | Found a shimmering altar of Xom.
 12068 | D:8      | Found a shimmering altar of Xom.
 12069 | D:8      | Found a shimmering altar of Xom.
 12070 | D:8      | Found a shimmering altar of Xom.
 12078 | D:8      | XOM: summons 4 friendly demons
 12138 | D:8      | Found a shimmering altar of Xom.
 12242 | D:8      | XOM: summons friendly ufetubus
 12248 | D:8      | XOM: cleaving
 12253 | D:8      | Killed a death yak
 12302 | D:8      | Found a shadowy altar of Dithmenos.
 12472 | D:9      | XOM: stealth player
 12514 | D:9      | Found a staircase to the Orcish Mines.
 12576 | D:9      | XOM: fog
 12581 | D:9      | XOM: summons 3 friendly demons
 12786 | D:9      | Identified the +3 hand axe "Killer Bee's Bane" {drain,
                  | Contam rPois rC++ Str+3}
 12956 | D:9      | XOM: divination: magic mapping
 13030 | D:9      | Found a broken altar of Ashenzari.
 13183 | D:9      | Found an ornate altar of the Wu Jian Council.
 13271 | D:9      | Reached skill level 5 in Armour
 13306 | D:9      | XOM: god gift: morningstar {god gift}
 13309 | D:9      | Found an ancient bone altar of Kikubaaqudgha.
 13399 | D:10     | Entered Level 10 of the Dungeon
 13432 | D:10     | Reached skill level 5 in Fighting
 13605 | D:10     | Noticed a two-headed ogre
 13613 | D:10     | Killed a two-headed ogre
 13614 | D:10     | Reached skill level 9 in Stealth
 13615 | D:10     | Reached XP level 11. HP: 55/55 MP: 16/16
 13878 | D:10     | XOM: destruction
 13885 | D:10     | XOM: enchant monster (good)
 13889 | D:10     | XOM: divination: detect items
 13975 | D:10     | XOM: give mutations
 13975 | D:10     | Lost mutation: You are very agile. (Dex +8, Str/Int -2)
                  | [Xom's mischief]
 13975 | D:10     | Lost mutation: You are agile. (Dex +4, Str/Int -1) [Xom's
                  | mischief]
 13975 | D:10     | Gained mutation: You are dopey. (Int -2) [Xom's mischief]
 13975 | D:10     | Lost mutation: Your muscles are very strong. (Str +8,
                  | Int/Dex -2) [Xom's mischief]
 14046 | D:11     | Found Ytem's Book Shop.
 14046 | D:11     | XOM: 2-stop teleportation journey
 14060 | D:11     | XOM: enchant monster (bad)
 14156 | D:11     | XOM: 1-stop teleportation journey
 14182 | D:11     | XOM: 2-stop teleportation journey
 14189 | D:11     | Reached skill level 5 in Evocations
 14274 | D:11     | Noticed a boulder beetle
 14287 | D:11     | XOM: enchant monster (bad)
 14305 | D:11     | XOM: butterfly on damage
 14360 | D:11     | XOM: draining
 14361 | D:11     | XOM: swap monsters
 14398 | D:12     | XOM: god gift: wand of roots (4)
 14550 | D:12     | Noticed Azrael
 14564 | D:12     | XOM: 2-stop teleportation journey
 14580 | D:12     | Noticed a cyclops
 14589 | D:12     | XOM: swap monsters
 14590 | D:12     | XOM: give mutations
 14590 | D:12     | Lost mutation: Your flesh is very heat resistant. (rF++)
                  | [Xom's mischief]
 14590 | D:12     | Gained mutation: You are somewhat resistant to further
                  | mutation. [Xom's mischief]
 14595 | D:12     | Killed a cyclops
 14641 | D:12     | a kobold demonologist changed into a harpy
 14641 | D:12     | Noticed a harpy
 14641 | D:12     | XOM: polymorph kobold demonologist -> harpy
 14651 | D:12     | Noticed a sixfirhy
 14662 | D:12     | XOM: confuse monster(s)
 14664 | D:12     | Killed a harpy
 14667 | D:12     | Reached skill level 5 in Spellcasting
 14742 | D:12     | Noticed a cyclops
 14751 | D:12     | Reached skill level 5 in Shapeshifting
 14757 | D:12     | Killed a cyclops
 14758 | D:12     | Reached skill level 10 in Stealth
 14904 | D:12     | Noticed a deep elf pyromancer
 14907 | D:12     | Killed a deep elf pyromancer
 14980 | D:12     | XOM: cleaving
 14986 | D:12     | XOM: destruction
 15007 | D:12     | XOM: give mutations
 15007 | D:12     | Gained mutation: You expend magic power (3 MP) to
                  | strengthen your wands. [Xom's grace]
 15007 | D:12     | Gained mutation: You have sharp toenails. [Xom's grace]
 15036 | D:12     | XOM: divination: magic mapping
 15096 | D:12     | XOM: divination: detect items
 15115 | D:12     | XOM: scenery: 1 doors open, 2 doors close
 15143 | D:11     | XOM: scenery: 1 doors close
 15207 | D:11     | XOM: fake destruction
 15315 | D:11     | Noticed a centaur warrior
 15375 | D:11     | XOM: 1-stop teleportation journey
 15526 | D:11     | Found a hazy altar of Hepliaklqana.
 15648 | D:11     | Noticed a fire crab
 15648 | D:11     | Noticed a deep troll earth mage
 15648 | D:11     | Noticed a tengu reaver
 15649 | D:11     | Found a runed translucent door.
 15651 | D:11     | Noticed a flayed ghost
 15651 | D:11     | Noticed a harpy
 15651 | D:11     | Noticed a deep troll earth mage
 15651 | D:11     | Noticed a fire giant
 15695 | D:11     | XOM: summons 2 friendly demons
 15701 | D:11     | Killed a boulder beetle
 15843 | Lair:1   | Entered Level 1 of the Lair of Beasts
 15860 | Lair:1   | XOM: divination: detect items
 15860 | Lair:1   | Noticed Gastronok
 15888 | Lair:1   | Found the +8 orange crystal plate armour {Archmagi, Int+3
                  | Clar}
 15959 | Lair:1   | Reached XP level 12. HP: 60/60 MP: 19/19
 15976 | Lair:1   | XOM: enchant monster (good)
 15982 | Lair:1   | Reached skill level 5 in Dodging
 15996 | Lair:1   | XOM: cast spell 'Summon Dragon'
 16060 | Lair:1   | Learned a level 3 spell: Mephitic Cloud
 16207 | Lair:1   | XOM: scenery: 1 doors open
 16410 | Lair:1   | XOM: scenery: 2 doors open
 16415 | Lair:1   | XOM: divination: magic mapping
 16422 | Lair:1   | XOM: confuse monster(s)
 16439 | Lair:1   | Killed Gastronok
 16657 | Lair:2   | Found a burning altar of Makhleb.
 16807 | Lair:2   | Found a white marble altar of Elyvilon.
 16851 | Lair:2   | XOM: god gift: iron wand {god gift}
 17121 | Lair:2   | XOM: destruction
 17171 | Lair:2   | XOM: god gift: crooked glowing staff {god gift}
 17200 | Lair:2   | XOM: summons friendly white imp
 17239 | Lair:2   | Found a staircase to the Swamp.
 17240 | Lair:2   | XOM: scenery: create altars
 17462 | Lair:2   | Found a staircase to the Snake Pit.
 17488 | Lair:2   | XOM: 6-stop teleportation journey
 17558 | Lair:2   | Noticed a skyshark
 17586 | Lair:2   | Slain by a skyshark

Illustrated notes

Levels and vault maps discovered:
D:1:      dpeg_arrival_lava_altar, layout_basic
D:2:      layout_basic, serial_corexii_hall, corexii_hall_statues_l,
          corexii_hall_statues_x, corexii_hall_statues_i, minmay_hedge_maze,
          due_unseen_surprise
D:3:      layout_basic, uniq_terence, uniq_crazy_yiuf_cottage
D:4:      layout_cave_pools, minmay_temple_entry_butterflies,
          gup_sewer_entry_spiral, lexackson_kobold_supper
D:5:      layout_cave_pools
D:6:      layout_basic, elyvilon_altar_1
D:7:      layout_basic, uniq_joseph
D:8:      layout_cave_pools, grunt_dithmenos_smoke, xom_redecorated,
          dpeg_lair_monsters
D:9:      layout_basic, kennysheep_vampire_church,
          nicolae_wu_jian_glorious_leap, mainiacjoe_overflow_boulevard,
          serial_rivers, chequers_serial_rivers_micro_e,
          chequers_serial_rivers_small_3, chequers_serial_rivers_micro_c,
          chequers_serial_rivers_small_3
D:10:     layout_small_grid, serial_glass, glass_columns_b, glass_columns_c,
          feat_on_display, due_unseen_surprise, minmay_strange_pillars,
          kennysheep_generic_room_14
D:11:     minmay_gate_of_8, layout_gridville, serial_shops, shop, minivault_16,
          nzn_hepliaklqana_mist_gate
D:12:     layout_roguey, hangedman_tell_no_tales, uniq_azrael
Lair:1:   layout_regular_city, uniq_gastronok
Lair:2:   layout_cave_pods, swamp_mist, guppyfry_snake_entry_garden,
          basic_altar, lemuel_centaur_altar, lemuel_fruit_tree

Skill      XL: |  1  2  3  4  5  6  7  8  9 10 11 12 |
---------------+-------------------------------------+-----
Short Blades   | 3 4 5 6 7 |  7.8
Fighting       | 3 4 5 6 |  6.0
Armour         | 2 3 4 5 6 |  6.4
Stealth        | 1 2 3 4 5 6 7 9 10 | 10.5
Dodging        | 1 2 3 4 5 |  5.2
Evocations     | 2 3 4 5 6 |  6.3
Shapeshifting  | 1 3 4 5 6 |  6.0
Shields        | 1 2 3 4 |  4.8
Spellcasting   | 1 2 4 5 6 |  6.2

Action                     |  1- 3 |  4- 6 |  7- 9 | 10-12 || total
---------------------------+-------+-------+-------+-------++-------
  Melee: Short sword       |   108 |   137 |   310 |    87 ||   642
         Bite              |    17 |    46 |   110 |   279 ||   452
         Punch             |     1 |     4 |     1 |       ||     6
         Dagger            |       |       |       |   655 ||   655
         Kick              |       |       |       |   138 ||   138
  Evoke: Wand              |       |       |     3 |     6 ||     9
    Use: Scroll            |       |       |    11 |     9 ||    20
         Potion            |       |       |       |     1 ||     1
   Stab: Paralysed         |     1 |     1 |       |       ||     2
         Sleeping          |     3 |     8 |    11 |    15 ||    37
         Confused          |       |     1 |     3 |     4 ||     8
         Distracted        |       |       |     1 |     3 ||     4
         Petrifying        |       |       |       |     1 ||     1
 Armour: Leather armour    |    44 |    79 |    60 |       ||   183
         Scale mail        |       |       |   122 |   193 ||   315
         Troll leather arm |       |       |       |   202 ||   202
         Crystal plate arm |       |       |       |   213 ||   213
  Dodge: Dodged            |    74 |    87 |   143 |   318 ||   622
  Block: Buckler           |       |       |    59 |   275 ||   334

Table legend: (Time is in decaauts)
 A = Elapsed time spent in this place.
 B = Non-inter-level travel time spent in this place.
 C = Inter-level travel time spent in this place.
 D = Time resting spent in this place.
 E = Time spent auto-exploring this place.
 F = Levels seen in this place.
 G = Mean time per level.
                   A        B        C        D        E       F      G
               +--------+--------+--------+--------+--------+-----+--------+
         Total |  17325 |  16440 |    885 |   6333 |   7445 |  15 | 1155.0 |
       Dungeon |  15525 |  14731 |    794 |   6214 |   6321 |  12 | 1293.8 |
          Lair |   1547 |   1456 |     91 |    119 |    995 |   2 |  773.5 |
         Sewer |    252 |    252 |      0 |      0 |    129 |   1 |  252.0 |
               +--------+--------+--------+--------+--------+-----+--------+

Top non-repeatable levels by time:
     D:1: 6148 daAuts
     D:2: 1594 daAuts
     D:7: 1046 daAuts
     D:3: 993 daAuts
    D:11: 981 daAuts
  Lair:1: 980 daAuts
     D:9: 975 daAuts
     D:6: 739 daAuts
     D:4: 729 daAuts
     D:8: 728 daAuts
    D:12: 713 daAuts
    D:10: 655 daAuts
  Lair:2: 566 daAuts
   Sewer: 252 daAuts
     D:5: 220 daAuts
